Unix NetHack Version 5.0.0-0 post-release - last build May  4 2026 22:22:43 (774f63e81ad911689b3a0859ea89b322d5daca8d,branch:main).

Game began 2026-05-07 01:56:10, ended 2026-05-07 05:18:50.

BeardyHaddock, neutral male gnomish Archeologist

                               --------
                               |......|
                -------        |.......#
                |/.....###### #|......|#     ---------       --------
                |.....|     ###.......|######....[...|       .<.....|
  --           #-......########--------#     |{.......       |......|
  |=        ####---|---     ##        ##    #........|      #.......|
  |=?       #      #        ##        ##    #-|-------      #|.....{|
  |[()----  #      #        ##     #   #    # ###           #|......|
  |)%[[[@-"##      #        ######  ####    #   #           #--------
  |??+(!B|       --.------- #  ##   #       #   #          ##
  |)[!((@|       |........| #   #####       ##  ####     ###
  ----*=?|       |.........##      ##--------#     ###   #
     |)*)|       |........|        ##.......|#    ---.-###
     |*?+|       ----------          |.......#    |.(.|#
     -----                           |.>....|     |...-#
                                     --------     |...|
                                                  -----

BeardyHaddock the Field Worker  St:14 Dx:10 Co:12 In:16 Wi:15 Ch:10  Neutral
Dlvl:2  $:0  HP:0(28) Pw:14(14) AC:7  Xp:3 T:2168  Hallu

Latest messages:
 Are you waiting to get hit?  Use 'm' prefix to force a no-op (to rest).
 Are you waiting to get hit?  Use 'm' prefix to force a no-op (to rest).
 Are you waiting to get hit?  Use 'm' prefix to force a no-op (to rest).
 Are you waiting to get hit?  Use 'm' prefix to force a no-op (to rest).
 Are you waiting to get hit?  Use 'm' prefix to force a no-op (to rest).
 Are you waiting to get hit?  Use 'm' prefix to force a no-op (to rest).
 Are you waiting to get hit?  Use 'm' prefix to force a no-op (to rest).
 Are you waiting to get hit?  Use 'm' prefix to force a no-op (to rest).
 Are you waiting to get hit?  Use 'm' prefix to force a no-op (to rest).
 Are you waiting to get hit?  Use 'm' prefix to force a no-op (to rest).
 Are you waiting to get hit?  Use 'm' prefix to force a no-op (to rest).
 Are you waiting to get hit?  Use 'm' prefix to force a no-op (to rest).
 Are you waiting to get hit?  Use 'm' prefix to force a no-op (to rest).
 Are you waiting to get hit?  Use 'm' prefix to force a no-op (to rest).
 Are you waiting to get hit?  Use 'm' prefix to force a no-op (to rest).
 Are you waiting to get hit?  Use 'm' prefix to force a no-op (to rest).
 Are you waiting to get hit?  Use 'm' prefix to force a no-op (to rest).
 Are you waiting to get hit?  Use 'm' prefix to force a no-op (to rest).
 Are you waiting to get hit?  Use 'm' prefix to force a no-op (to rest).
 Are you waiting to get hit?  Use 'm' prefix to force a no-op (to rest).
 Are you waiting to get hit?  Use 'm' prefix to force a no-op (to rest).
 Are you waiting to get hit?  Use 'm' prefix to force a no-op (to rest).
 Are you waiting to get hit?  Use 'm' prefix to force a no-op (to rest).
 Are you waiting to get hit?  Use 'm' prefix to force a no-op (to rest).
 Are you waiting to get hit?  Use 'm' prefix to force a no-op (to rest).
 Are you waiting to get hit?  Use 'm' prefix to force a no-op (to rest).
 Are you waiting to get hit?  Use 'm' prefix to force a no-op (to rest).
 Are you waiting to get hit?  Use 'm' prefix to force a no-op (to rest).
 Are you waiting to get hit?  Use 'm' prefix to force a no-op (to rest).
 Are you waiting to get hit?  Use 'm' prefix to force a no-op (to rest).
 Are you waiting to get hit?  Use 'm' prefix to force a no-op (to rest).
 Are you waiting to get hit?  Use 'm' prefix to force a no-op (to rest).
 You miss the baby red dragon.
 The red dragon gets angry!
 The pony zaps a wand!
 The wand misses you.
 You see here a scroll (for sale, 143 buckazoids).
 The gas spore zaps a wand!
 The wand hits you!
 "For you, scum; 143 solaris for this scroll."
 C - a scroll (unpaid, 143 sporebucks).
 The dangling pointer zaps a wand!
 The wand hits you!
 You die...
 Inniscrone takes all your possessions.
 Do you want to see what you had when you died? [ynq] (y) y
 Do you want to see your attributes? [ynq] (y) n
 Do you want an account of creatures vanquished? [ynaq] (y) n
 Do you want to see your conduct and achievements? [ynq] (y) n
 Do you want to see the dungeon overview? [ynq] (y) n

Inventory:
 Amulets  ('"')
  q - an uncursed amulet of magical breathing
 Weapons  (')')
  z - 7 +0 darts
  x - a +0 elven dagger
  a - a +2 bullwhip (weapon in right hand)
 Armor    ('[')
  s - an uncursed +0 helm of caution (being worn)
  y - an uncursed +0 orcish helm
  A - an uncursed +0 orcish helm
  b - an uncursed +1 leather jacket (being worn)
 Comestibles  ('%')
  l - an uncursed slime mold
  d - 6 uncursed food rations
  t - an uncursed lembas wafer
 Scrolls  ('?')
  j - an uncursed scroll of amnesia
  k - an uncursed scroll of gold detection
  m - 2 uncursed scrolls of remove curse
  C - a cursed scroll of remove curse
 Potions  ('!')
  i - an uncursed potion of healing
 Rings    ('=')
  r - an uncursed ring of sustain ability
 Tools    ('(')
  w - an uncursed stethoscope
  f - a tinning kit (0:81)
 Gems/Stones  ('*')
  g - an uncursed touchstone

BeardyHaddock the Archeologist's attributes:

Background:
 You were a Field Worker, a level 3 male gnomish Archeologist.
 You were neutral, on a mission for Camaxtli
 who was opposed by Quetzalcoatl (lawful) and Huhetotl (chaotic).
 You were right-handed.
 You were in the Dungeons of Doom, on level 2.
 You entered the dungeon 2168 turns ago.
 It was nighttime.
 You had 61 experience points, 19 more were needed to attain level 4.

Basics:
 You had 0 out of 28 hit points.
 You had all 14 energy points (spell power).
 Your armor class was 7.
 Your wallet was empty.
 Autopickup was off.

Final Characteristics:
 Your strength was 14 (limit:18/50).
 Your dexterity was 10 (limit:18).
 Your constitution was 12 (limit:18).
 Your intelligence was 16 (limit:19).
 Your wisdom was 15 (limit:18).
 Your charisma was 10 (limit:18).

Final Status:
 You were hallucinating.
 You weren't hungry.
 You were unencumbered.
 You were wielding a whip.
 You had basic skill with whip.

Final Attributes:
 You were stridently aligned.
 You were warned.
 You had automatic searching.
 You had infravision.
 You were unlucky.
 You are dead.

Miscellaneous:
 You didn't encounter any bones levels.
 Total elapsed playing time was 16 minutes and 9 seconds.

Major events:
 Turn
    1: BeardyHaddock the neutral male gnomish Archeologist entered the dungeon
 1771: attained the rank of Field Worker (level 3)
 2168: killed by a wand

You didn't know any spells.

Skills:
 Fighting Skills
   bare handed combat [Unskilled]
   two weapon combat  [Unskilled]
   riding             [Unskilled]
 Weapon Skills
   dagger             [Unskilled]
   knife              [Unskilled]
   pick-axe           [Basic]
   short sword        [Unskilled]
   saber              [Unskilled]
   club               [Unskilled]
   quarterstaff       [Unskilled]
   sling              [Unskilled]
   dart               [Unskilled]
   boomerang          [Unskilled]
   whip               [Basic]
   unicorn horn       [Unskilled]
 Spellcasting Skills
   attack spells      [Unskilled]
   healing spells     [Unskilled]
   divination spells  [Unskilled]
   matter spells      [Unskilled]

Voluntary challenges:
 Character rerolling was not enabled.
 You never genocided any monsters.
 You never polymorphed an object.
 You never changed form.
 You used no wishes.
Achievements:
 You entered a shop.
 You attained the rank of Field Worker.

 The Dungeons of Doom: levels 1 to 4
    Level 1:
       An altar to Camaxtli, some fountains.
    Level 2: <- You were here.
       A scroll shop, some fountains.
       Final resting place for
          you, killed by a wand.
    Level 3:
       A general store, a fountain.
    Level 4:
       Some fountains, a sink.


Vanquished creatures:
  a shrieker
  a giant bat
 an acid blob
  a hobbit
  a hobgoblin
  a giant rat
  a garter snake
  a gnome zombie
  a gecko
  a jackal
  a kobold
  2 goblins
  2 sewer rats
  4 grid bugs
  a lichen
  3 newts
23 creatures vanquished.

No species were genocided or became extinct.

Game over:
                       ----------
                      /          \
                     /    REST    \
                    /      IN      \
                   /     PEACE      \
                  /                  \
                  |  BeardyHaddock   |
                  |       0 Au       |
                  | killed by a wand |
                  |                  |
                  |                  |
                  |                  |
                  |       2026       |
                 *|     *  *  *      | *
        _________)/\\_//(\/(/\)/\//\/|_)_______

Goodbye BeardyHaddock the Archeologist...

You died in The Dungeons of Doom on dungeon level 2 with 414 points,
and 0 pieces of gold, after 2168 moves.
You were level 3 with a maximum of 28 hit points when you died.

